 Dungeon Crawl Stone Soup version 0.32-a0-576-g706899e69d (webtiles) character file.

Game seed: 4754283173980528642

81 BeKind the Chiller (level 4, 0/27 HPs)
             Began as an Octopode Ice Elementalist on Mar 1, 2024.
             Slain by Ijyb
             ... wielding a +0 dagger
              (4 damage)
             ... on level 3 of the Dungeon.
             The game lasted 00:02:04 (1386 turns).

BeKind the Chiller (Octopode Ice Elementalist)      Turns: 1386, Time: 00:02:05

Health: 0/27       AC:  1    Str:  7    XL:     4   Next: 42%
Magic:  2/7        EV: 13    Int: 19    God:
Gold:   104        SH:  0    Dex: 12    Spells: 4/8 levels left

rFire   x . .        i - +0 spear
rCold   + . .        (no shield)
rNeg    . . .        (helmet restricted)
rPois   .            (no amulet)
rElec   .            c - ring of ice
rCorr   +            e - ring of resist corrosion
SInv    .            (no ring)
Will    .....        (no ring)
Stlth   +++          (no ring)
HPRegen 0.24/turn    (no ring)
MPRegen 0.10/turn    (no ring)
                     (no ring)

%: no passive effects
@: freezing walls
A: almost no armour, amphibious, 8 rings, camouflage 1, gelatinous body 1,
(nimble swimmer 1), tentacles
a: no special abilities


You were on level 3 of the Dungeon.
You visited 1 branch of the dungeon, and saw 3 of its levels.

You collected 104 gold pieces.

Inventory:

Hand Weapons
 g - a +0 dagger
 i - a +0 spear (weapon)
Jewellery
 c - a ring of ice (left tentacle)
 e - a ring of resist corrosion (right tentacle)
 r - an amulet of magic regeneration
Wands
 l - a wand of flame (23)
Scrolls
 f - a scroll of noise {unknown}
 j - a scroll of fear {unknown}
 k - 3 scrolls of revelation {unknown}
 m - 2 scrolls of teleportation {unknown}
 o - a scroll of brand weapon {unknown}
 p - a scroll of fog {unknown}
Potions
 a - a potion of magic
 b - a potion of might {unknown}
 d - 2 potions of resistance {unknown}
 h - a potion of degeneration {unknown}
 n - 2 potions of curing {unknown}
 q - a potion of haste {unknown}
 s - a potion of lignification {unknown}


   Skills:
 + Level 2.8 Dodging
 + Level 3.9 Stealth
 + Level 2.6 Spellcasting
 + Level 4.5 Ice Magic


You had 4 spell levels left.
You knew the following spells:

 Your Spells              Type           Power      Damage    Failure   Level
a - Freeze                Ice            100%       1d10      2%          1
b - Frozen Ramparts       Ice            58%        1d9       8%          3

Your spell library contained the following spells:

 Spells                   Type           Power      Damage    Failure   Level
 Ozocubu's Armour         Ice            29%        N/A       8%          3
 Summon Ice Beast         Ice/Summ       16%        N/A       19%         3


Dungeon Overview and Level Annotations

Branches:
Dungeon (3/15)

Altars:

Annotations:
D:3 Ijyb


Innate Abilities, Weirdness & Mutations

You cannot wear most types of armour.
You are amphibious.
You can wear up to eight rings at the same time.
Your skin changes colour to match your surroundings (Stealth+).
Your rubbery body absorbs attacks. (AC +1, EV +1)
((You are camouflaged when in or above water. (Stealth+)))
You have tentacles for arms and can constrict up to eight enemies at once.


Message History

No target in view!
Ijyb the Inquisitive comes into view.
She is wielding a +0 dagger and carrying a wand of flame.
Ijyb is nearby!
Ijyb is nearby!
You barely miss Ijyb. You grab Ijyb. You constrict Ijyb, but do no damage.
Ijyb closely misses you.
You hit Ijyb but do no damage. You squeeze Ijyb, but do no damage.
You constrict Ijyb, but do no damage. Ijyb closely misses you.
Casting: Frozen Ramparts (quite dangerous; 8% risk of failure)
Confirm with . or Enter, or press ? or * to list all spells.
Casting: Frozen Ramparts (quite dangerous; 8% risk of failure)
Press: ? - help, Dir - look around, f - activate You feel a surge of power!
The walls around you are covered in ice.
You constrict Ijyb, but do no damage.
The wall freezes Ijyb.
Ijyb zaps a wand.
The puff of flame hits you! The fire burns you terribly!
Ouch! That really hurt!
* * * LOW HITPOINT WARNING * * *
Casting: Frozen Ramparts (quite dangerous; 8% risk of failure)
Confirm with . or Enter, or press ? or * to list all spells.
Aiming: Freeze (safe; 2% risk of failure)
Press: ? - help, Shift-Dir - straight line, f - Ijyb
Aim: Ijyb, wielding a +0 dagger, wearing a +0 chain mail and carrying a wand of flame (lightly wounded, constricted by you)
You feel a surge of power!
You freeze Ijyb!
Ijyb is heavily wounded.
You constrict Ijyb, but do no damage.
The wall freezes Ijyb.
Ijyb hits you with a +0 dagger.
* * * LOW HITPOINT WARNING * * *
Casting: Freeze (safe; 2% risk of failure)
Confirm with . or Enter, or press ? or * to list all spells.
Aiming: Freeze (safe; 2% risk of failure)
Press: ? - help, Shift-Dir - straight line, f/p - Ijyb
Aim: Ijyb, wielding a +0 dagger, wearing a +0 chain mail and carrying a wand of flame (heavily wounded, constricted by you)
You feel a surge of power!
You freeze Ijyb.
Ijyb is severely wounded.
You constrict Ijyb.
The wall freezes Ijyb but does no damage.
Ijyb hits you with a +0 dagger.
You die...
Ijyb screams, "Time for next experiment!"

#... #..# ...#
#...########.###..#
#.............#...# ###
##....###..#.......##...
.............†..........
.....................!..
............#...........
##....###..##..#...##..
#..†..........#@†.#
#..)########.##g..#
##...##.....#.........
#.....#.....#.#####.##..
#...........#. .#
#.....#.....# .
##..........# ##
.......##.###
####......#


You could see Ijyb.

Vanquished Creatures
  2 adders
  2 ribbon worms
  3 dart slugs
  7 ball pythons
  6 endoplasms
  3 giant cockroaches
  5 goblins
  A hobgoblin (D:1)
  3 quokkas
  5 bats
  2 frilled lizards
  7 kobolds
  4 rats
50 creatures vanquished.

Notes
Turn   | Place    | Note
-------+----------+-------------------------------------------
     0 | D:1      | BeKind the Octopode Ice Elementalist began the quest for
                  | the Orb.
     0 | D:1      | Reached XP level 1. HP: 11/11 MP: 3/3
   107 | D:1      | Reached XP level 2. HP: 17/17 MP: 3/5
   519 | D:1      | Reached XP level 3. HP: 21/21 MP: 6/6
   720 | D:2      | Learned a level 3 spell: Frozen Ramparts
  1013 | D:2      | Reached XP level 4. HP: 25/27 MP: 7/7
  1380 | D:3      | Noticed Ijyb
  1386 | D:3      | Slain by Ijyb

Illustrated notes

Levels and vault maps discovered:
D:1:      psy_arrival_dodecagon, layout_loops_ring
D:2:      layout_rooms, minmay_small_reverse_x
D:3:      layout_loops_cross, uniq_ijyb

Skill      XL: |  1 |
---------------+----+-----
Stealth        | 3 |  3.9
Dodging        | |  2.8
Spellcasting   | |  2.6
Ice Magic      | |  4.5

Action                     |  1- 3 |  4- 6 || total
---------------------------+-------+-------++-------
  Melee: Unarmed           |     6 |       ||     6
         Constrict         |    15 |     7 ||    22
         Tentacles         |     7 |     5 ||    12
         Spear             |    52 |    22 ||    74
         Dagger            |     8 |       ||     8
   Cast: Freeze            |    10 |     2 ||    12
         Frozen Ramparts   |     1 |     1 ||     2
   Stab: Sleeping          |    11 |     2 ||    13
 Armour: Skin              |    24 |     7 ||    31
  Dodge: Dodged            |    44 |     7 ||    51

Table legend: (Time is in decaauts)
 A = Elapsed time spent in this place.
 B = Non-inter-level travel time spent in this place.
 C = Inter-level travel time spent in this place.
 D = Time resting spent in this place.
 E = Time spent auto-exploring this place.
 F = Levels seen in this place.
 G = Mean time per level.
                   A        B        C        D        E       F      G
               +--------+--------+--------+--------+--------+-----+--------+
         Total |   1390 |   1349 |     41 |     24 |    992 |   3 |  463.3 |
       Dungeon |   1390 |   1349 |     41 |     24 |    992 |   3 |  463.3 |
               +--------+--------+--------+--------+--------+-----+--------+

Top non-repeatable levels by time:
     D:1: 713 daAuts
     D:2: 573 daAuts
     D:3: 104 daAuts
